 Dungeon Crawl Stone Soup version 0.29-a0-393-g47a863cc1b (webtiles) character file.

Game seed: 17633051938955349182

12232 Agony the Nimble (level 11, 0/97 HPs)
             Began as a Minotaur Fighter on May 9, 2022.
             Was an Elder of Okawaru.
             Slain by a 12-headed hydra (13 damage)
             ... on level 1 of the Lair of Beasts.
             The game lasted 00:20:08 (8715 turns).

Agony the Nimble (Minotaur Fighter)                 Turns: 8715, Time: 00:20:10

Health: 0/97       AC: 18    Str: 25    XL:     11   Next: 59%
Magic:  13/13      EV: 11    Int:  5    God:    Okawaru [****..]
Gold:   403        SH: 10    Dex: 10    Spells: 10/10 levels left

rFire   + . .      SeeInvis .   q - +9 hand axe of Egekeref {elec, Fly rElec rN+}
rCold   . . .      Faith    .   B - +0 kite shield
rNeg    + . .      Spirit   .   s - +0 chain mail {rF+}
rPois   .          Reflect  .   (helmet restricted)
rElec   +          Harm     .   o - +0 cloak
rCorr   .          Rampage  .   (no gloves)
Will    .....                   l - +0 pair of boots
Stlth   ..........              (no amulet)
HPRegen 0.26/turn               r - +4 ring of slaying
MPRegen 0.13/turn               w - +4 ring of protection

@: flying
A: horns 2, retaliatory headbutt
a: Renounce Religion, Heroism, Finesse


You were on level 1 of the Lair of Beasts.
You worshipped Okawaru.
Okawaru was greatly pleased with you.
You visited 3 branches of the dungeon, and saw 10 of its levels.

You collected 403 gold pieces.

Inventory:

Hand Weapons
 q - the +9 hand axe of Egekeref (weapon) {elec, Fly rElec rN+}
   (You found it on level 2 of the Dungeon)

   It occasionally discharges a powerful burst of electricity upon striking a
   foe.
   rElec:     It insulates you from electricity.
   rN:        It protects you from negative energy.
   Fly:       It grants you flight.
 A - a +0 mace of holy wrath
Missiles
 g - a throwing net
Armour
 l - a +0 pair of boots (worn)
 o - a +0 cloak (worn)
 s - a +0 chain mail of fire resistance (worn)
 B - a +0 kite shield (worn)
Jewellery
 r - a +4 ring of slaying (left hand)
 w - a +4 ring of protection (right hand)
Wands
 a - a wand of acid (7)
 d - a wand of polymorph (5)
 i - a wand of iceblast (5)
 m - a wand of flame (8) (quivered)
 x - a wand of digging (3)
Scrolls
 b - a scroll of fear {unknown}
 e - 2 scrolls of blinking
 j - 4 scrolls of fog
 k - 2 scrolls of enchant weapon
 u - 2 scrolls of teleportation
 v - 2 scrolls of brand weapon
 y - a scroll of acquirement {unknown}
 F - a scroll of enchant armour {unknown}
Potions
 f - 5 potions of attraction
 p - a potion of flight
 z - a potion of mutation
 D - a potion of lignification


   Skills:
 + Level 9.2 Fighting
 + Level 7.9(8.2) Axes
 - Level 3.2(6.0) Maces & Flails
 + Level 9.1 Armour
 + Level 12.6 Dodging
 + Level 9.2 Shields
 + Level 4.4 Invocations


You had 10 spell levels left.
You didn't know any spells.
Your spell library contained the following spells:

 Spells                   Type           Power      Damage    Failure   Level
 Beastly Appendage        Tmut           0%         N/A       100%        1
 Wereblood                Tmut           0%         N/A       100%        2
 Gell's Gravitas          Tloc           0%         N/A       100%        3
 Spider Form              Tmut/Pois      0%         N/A       100%        3
 Teleport Other           Tloc           0%         N/A       100%        3
 Dispersal                Tloc           0%         N/A       100%        6


Dungeon Overview and Level Annotations

Branches:
Dungeon (8/15)             Temple (1/1) D:7            Lair (1/6) D:8

Altars:
Ashenzari
Cheibriados
Dithmenos
Elyvilon
Fedhas
Gozag
Hepliaklqana
Kikubaaqudgha
Makhleb
Nemelex Xobeh
Okawaru
Qazlal
Ru
Sif Muna
Trog
Uskayaw
Vehumet
Wu Jian
Xom
Yredelemnul
Zin
The Shining One
Beogh

Annotations:
D:7 3 runed translucent doors, Serus's ghost, novice GrFi


Innate Abilities, Weirdness & Mutations

You have a pair of horns on your head.
You reflexively headbutt those who attack you in melee.


Message History

You block the 12-headed hydra's attack.
The 12-headed hydra bites you but does no damage.
You block the 12-headed hydra's attack. x2
The 12-headed hydra bites you but does no damage.
The 12-headed hydra misses you. The 12-headed hydra bites you. x3
The 12-headed hydra barely misses you.
Aiming: Throw Flame
Press: ? - help, Q - select action, (/) - cycle Shift-Dir - straight line, f/p - 12-headed hydra
Aim: a 12-headed hydra (moderately wounded, 89% to hit)
The puff of flame hits the 12-headed hydra.
The 12-headed hydra is moderately wounded.
The 12-headed hydra bites you!
* * * LOW HITPOINT WARNING * * *
The 12-headed hydra closely misses you. You block the 12-headed hydra's attack.
The 12-headed hydra bites you!
* * * LOW HITPOINT WARNING * * *
The 12-headed hydra barely misses you. The 12-headed hydra closely misses you.
The 12-headed hydra barely misses you. The 12-headed hydra bites you.
* * * LOW HITPOINT WARNING * * *
The 12-headed hydra closely misses you. You block the 12-headed hydra's attack.
The 12-headed hydra bites you.
* * * LOW HITPOINT WARNING * * *
You block the 12-headed hydra's attack.
You feel much better. The 12-headed hydra barely misses you.
You furiously retaliate!
You headbutt the 12-headed hydra!
The 12-headed hydra bites you but does no damage.
You block the 12-headed hydra's attack. x2
The 12-headed hydra bites you but does no damage. x4
The 12-headed hydra bites you! The 12-headed hydra barely misses you.
The 12-headed hydra bites you.
* * * LOW HITPOINT WARNING * * *
The 12-headed hydra bites you!
* * * LOW HITPOINT WARNING * * *
The 12-headed hydra attacks as you move away!
You block the 12-headed hydra's attack. The 12-headed hydra bites you.
* * * LOW HITPOINT WARNING * * *
You block the 12-headed hydra's attack. The 12-headed hydra bites you.
* * * LOW HITPOINT WARNING * * *
The 12-headed hydra bites you!
You die...

*,,,,**,,**>,,*,,*,*
**,,,,,,,***#.#.**,#*
,*,,,***.##*#...,*..*
,,*,,,*#........##.**
,,,,,,.,P...##....,*
,,,,,,........,#.####
,,,,*,......#.##....#
,,,,*,..............#####
,,,,,,.....#.#.D@.......#
,,,,,,.......#....##...##
,,,,,,,,,,,#.....###...## ###
,*,,,,,*#...#†....##....#####.#
,,,,,,,,##.#.............##...#
,,,,*,,,.....##..............†#
**,,**,.....#*#P##..P#......(<#
**,,,,......**#####...........#
*,,***....P.,* #.#.....#...#


You could see a 12-headed hydra.

Vanquished Creatures
  A two-headed ogre (D:8)
  Sonja (Lair:1)
  Maurice (D:8)
  A komodo dragon (Lair:1)
  11 yaks
  Grum (D:8)
  A steam dragon (D:7)
  3 vampire mosquitoes (D:8)
  A black bear (D:8)
  An orc warrior (D:8)
  An ogre (D:6)
  3 centaurs
  3 wolves (D:8)
  2 phantoms
  A kobold brigand (D:8)
  7 bullfrogs
  A gnoll sergeant (D:6)
  3 necrophages
  3 scorpions
  7 wights
  3 howler monkeys
  An electric eel (D:6)
  4 jellies
  2 hounds
  4 iguanas
  4 orc wizards
  Ijyb (D:4)
  11 gnolls
  3 adders
  2 shadow imps
  2 worms
  5 dart slugs
  24 orcs
  6 ball pythons
  3 endoplasms
  3 giant cockroaches
  5 goblins
  5 hobgoblins
  7 jackals
  3 quokkas
  4 bats
  2 frilled lizards (D:1)
  10 kobolds
  7 rats
174 creatures vanquished.

Vanquished Creatures (others)
  14 fungi (D:8)
  22 plants
36 creatures vanquished.

Grand Total: 210 creatures vanquished

Notes
Turn   | Place    | Note
-------+----------+-------------------------------------------
     0 | D:1      | Agony the Minotaur Fighter began the quest for the Orb.
     0 | D:1      | Reached XP level 1. HP: 19/19 MP: 0/0
   273 | D:1      | Reached XP level 2. HP: 25/27 MP: 1/1
   967 | D:2      | Reached XP level 3. HP: 17/33 MP: 2/2
  1590 | D:2      | Reached skill level 1 in Dodging
  1662 | D:2      | Identified the +9 hand axe of Egekeref {elec, Fly rElec
                  | rN+}
  1826 | D:3      | Reached XP level 4. HP: 40/40 MP: 3/3
  2272 | D:3      | Reached skill level 1 in Axes
  2716 | D:4      | Noticed a necrophage
  2725 | D:4      | Killed a necrophage
  2726 | D:4      | Reached XP level 5. HP: 47/47 MP: 4/4
  2770 | D:4      | Reached skill level 2 in Dodging
  2991 | D:4      | Noticed Ijyb
  2994 | D:4      | Reached skill level 5 in Fighting
  2994 | D:4      | Reached skill level 5 in Shields
  2994 | D:4      | Reached XP level 6. HP: 55/56 MP: 5/5
  3001 | D:4      | Killed Ijyb
  3002 | D:4      | Reached skill level 5 in Armour
  3370 | D:5      | Entered Level 5 of the Dungeon
  3686 | D:5      | Reached skill level 3 in Dodging
  3731 | D:5      | Reached XP level 7. HP: 61/61 MP: 6/6
  5156 | D:6      | Reached skill level 4 in Dodging
  5156 | D:6      | Reached XP level 8. HP: 70/70 MP: 7/7
  5469 | D:6      | Reached skill level 5 in Axes
  5819 | D:7      | Found a runed translucent gate.
  5820 | D:7      | Found a runed translucent gate.
  5822 | D:7      | Found a runed translucent gate.
  5822 | D:7      | Noticed Serus's ghost (novice GrFi)
  5831 | D:7      | Reached skill level 5 in Dodging
  5839 | D:7      | Identified the +8 plate armour "Fycecrerph" {Regen+ Dex+8}
  5956 | D:7      | Found a staircase to the Ecumenical Temple.
  5966 | Temple   | Entered the Ecumenical Temple
  6257 | Temple   | Became a worshipper of Warmaster Okawaru
  6595 | D:7      | Found a white marble altar of Elyvilon.
  6663 | D:7      | Reached XP level 9. HP: 79/79 MP: 8/8
  6785 | D:8      | Reached skill level 1 in Invocations
  6787 | D:8      | Reached * piety under Okawaru
  6920 | D:8      | Noticed Maurice
  7031 | D:8      | Killed Maurice
  7367 | D:8      | Reached skill level 6 in Dodging
  7382 | D:8      | Reached ** piety under Okawaru
  7727 | D:8      | Identified the +0 ring mail of Responsibility {rC- Str+8
                  | Dex+5}
  7826 | D:8      | Reached XP level 10. HP: 89/90 MP: 11/11
  7836 | D:8      | Noticed a two-headed ogre
  7882 | D:8      | Noticed Grum
  7883 | D:8      | Found a staircase to the Lair.
  7887 | D:8      | Reached *** piety under Okawaru
  7892 | D:8      | Killed a two-headed ogre
  7897 | D:8      | Killed Grum
  7898 | D:8      | Reached skill level 7 in Dodging
  8379 | Lair:1   | Entered Level 1 of the Lair of Beasts
  8384 | Lair:1   | Noticed Sonja
  8390 | Lair:1   | Reached skill level 12 in Dodging
  8390 | Lair:1   | Reached XP level 11. HP: 82/95 MP: 10/13
  8395 | Lair:1   | Killed Sonja
  8405 | D:8      | Reached **** piety under Okawaru
  8699 | Lair:1   | Noticed an eight-headed hydra
  8715 | Lair:1   | Slain by a 12-headed hydra

Illustrated notes

Levels and vault maps discovered:
D:1:      evilmike_arrival_plus, layout_basic
D:2:      layout_rooms
D:3:      layout_basic
D:4:      layout_loops_corners, uniq_ijyb
D:5:      layout_basic
D:6:      layout_loops_ring, chequers_big_river
D:7:      layout_basic, elyvilon_altar_5, minmay_temple_entry_statues_pillars,
          biasface_ghost_orc_armoury
D:8:      layout_rooms, grunt_lair_entry_orc_guard_hut, nicolae_wwwww,
          kb_lookout_dungeons_type, uniq_maurice, uniq_grum
Temple:   roderic_octagonal_lattice_temple
Lair:1:   layout_misc_corridors, beast_lair_carwin_10, uniq_sonja

Skill      XL: |  1  2  3  4  5  6  7  8  9 10 11 |
---------------+----------------------------------+-----
Fighting       | 4 5 6 7 8 9 |  9.2
Armour         | 4 5 6 7 8 9 |  9.1
Shields        | 4 5 6 7 8 9 |  9.2
Maces & Flails | 3 |  3.2
Dodging        | 1 2 3 4 5 6 12 | 12.6
Axes           | 1 2 3 4 5 7 |  7.9
Invocations    | 3 4 |  4.4

Action                   |  1- 3 |  4- 6 |  7- 9 | 10-12 || total
-------------------------+-------+-------+-------+-------++-------
Melee: Flail             |    91 |       |       |       ||    91
       Headbutt          |     9 |     6 |    22 |     8 ||    45
       Hand axe          |     4 |    79 |   200 |    45 ||   328
Throw: Throwing net      |       |     1 |       |       ||     1
Invok: Heroism           |       |       |     1 |     1 ||     2
Evoke: Wand              |       |       |     3 |     2 ||     5
  Use: Scroll            |       |     4 |    10 |     4 ||    18
       Potion            |       |       |     2 |     4 ||     6
Armor: Scale mail        |    44 |    31 |    63 |     2 ||   140
       Skin              |       |       |    16 |       ||    16
       Chain mail        |       |       |       |    39 ||    39
Dodge: Dodged            |    51 |    27 |    77 |    51 ||   206
Block: Buckler           |    21 |    18 |     8 |       ||    47
       Kite shield       |       |       |    84 |    55 ||   139

Table legend: (Time is in decaauts)
 A = Elapsed time spent in this place.
 B = Non-inter-level travel time spent in this place.
 C = Inter-level travel time spent in this place.
 D = Time resting spent in this place.
 E = Time spent auto-exploring this place.
 F = Levels seen in this place.
 G = Mean time per level.
                   A        B        C        D        E       F      G
               +--------+--------+--------+--------+--------+-----+--------+
         Total |   8787 |   8443 |    344 |   1540 |   5618 |  10 |  878.7 |
       Dungeon |   8404 |   8097 |    307 |   1540 |   5340 |   8 | 1050.5 |
        Temple |    306 |    269 |     37 |      0 |    246 |   1 |  306.0 |
          Lair |     76 |     76 |      0 |      0 |     32 |   1 |   76.0 |
               +--------+--------+--------+--------+--------+-----+--------+

Top non-repeatable levels by time:
     D:8: 1619 daAuts
     D:5: 1252 daAuts
     D:6: 1206 daAuts
     D:1: 964 daAuts
     D:7: 918 daAuts
     D:4: 881 daAuts
     D:3: 830 daAuts
     D:2: 731 daAuts
  Temple: 306 daAuts
  Lair:1: 76 daAuts
